 Dungeon Crawl Stone Soup version 0.20.1-1-g8b1a95d (webtiles) character file.

88 mmigdal the Skirmisher (level 4, -2/37 HPs)
             Began as a Demonspawn Abyssal Knight on Oct 29, 2017.
             Was a Follower of Lugonu.
             Slain by Crazy Yiuf
             ... wielding a +3 quarterstaff of chaos
              (3 damage)
             ... on level 1 of the Dungeon.
             The game lasted 00:10:14 (2644 turns).

mmigdal the Skirmisher (Demonspawn Abyssal Knight)  Turns: 2644, Time: 00:10:15

Health: -2/37      AC:  5    Str: 13    XL:     4   Next: 30%
Magic:  6/6        EV: 10    Int: 13    God:    Lugonu [*.....]
Gold:   63         SH:  0    Dex: 13    Spells: 3/3 levels left

rFire    + . .     SeeInvis .   a - +1 spear
rCold    . . .     Gourm    .   (no shield)
rNeg     . . .     Faith    .   g - +0 ring mail
rPois    .         Spirit   .   (no helmet)
rElec    .         Reflect  .   (no cloak)
rCorr    .         Harm     .   (no gloves)
MR       .....                  (no boots)
Stlth    +.........             (no amulet)
Regen    0.2/turn               (no ring)
MPRegen  0.1/turn               (no ring)

@: lethally poisoned (-2 -> -5), slowed, drained, very slow
A: fire resistance 1, powered by pain 1
a: Depart the Abyss, Renounce Religion


You were on level 1 of the Dungeon.
You worshipped Lugonu.
Lugonu was aware of your devotion.
You were not hungry.

You visited 1 branch of the dungeon, and saw 2 of its levels.
You visited the Abyss 1 time.

You collected 63 gold pieces.

Inventory:

Hand Weapons
 a - a +1 spear (weapon)
 f - a +0 hunting sling
Missiles
 h - 9 stones (quivered)
Armour
 b - a +0 leather armour
 g - a +0 ring mail (worn)
Comestibles
 c - 3 bread rations
 d - a meat ration


   Skills:
 + Level 3.7(3.3) Fighting
 + Level 2.9(2.5) Polearms
 + Level 2.3(2.0) Armour
 + Level 1.3(1.0) Dodging
 + Level 0.2(0.0) Stealth
 + Level 2.7(2.4) Invocations


You had 3 spell levels left.
You didn't know any spells.

Dungeon Overview and Level Annotations

Branches:
Dungeon (2/15)

Altars:

Annotations:
D:1 Crazy Yiuf


Innate Abilities, Weirdness & Mutations

Your flesh is heat resistant. (rF+)
You sometimes gain a little power by taking damage.


Message History

* * * LOW HITPOINT WARNING * * *
Crazy Yiuf freezes you.
* * * LOW HITPOINT WARNING * * *
Crazy Yiuf closely misses you.
You see here a dagger.
Crazy Yiuf says, "Crazy?
Crazy!?
PORCUPINE!"
Crazy Yiuf misses you.
Crazy Yiuf says, "Orb disdain turtle!"
Crazy Yiuf closely misses you.
Crazy Yiuf grits, "Lugonu noodlescoop infinity!"
Crazy Yiuf hits you with a quarterstaff of chaos.
* * * LOW HITPOINT WARNING * * *
You are lethally poisoned!
* * * LOW HITPOINT WARNING * * *
You feel sick.
* * * LOW HITPOINT WARNING * * *
You feel sick.
Crazy Yiuf says, "You sing shoe!"
Crazy Yiuf hits you with a quarterstaff of chaos.
You die...

### ##.## ###...####
##### #........###
###
....####.......>@g##
##.##
#...............##.##
#....
#.#.###........####.#
##.##
..#.##........## #.#
#.# ....#.........##
##.# #.#
######.........###.##
#.# # ##.#######.).##
#.# # #.#
##.######### #.# #
#.# #.........# ###.#


You could see Crazy Yiuf.

Vanquished Creatures
  Natasha (D:2)
  An adder (D:2)
  2 dart slugs
  2 leopard geckos
  An orc (D:2)
  3 giant cockroaches (D:1)
  5 goblins
  3 hobgoblins (D:1)
  4 jackals (D:2)
  6 kobolds
  7 bats (D:1)
  3 frilled lizards
  9 rats
47 creatures vanquished.

Notes
Turn   | Place    | Note
-------+----------+-------------------------------------------
     0 | Abyss:1  | mmigdal the Demonspawn Abyssal Knight began the quest for the Orb.
     0 | Abyss:1  | Reached XP level 1. HP: 18/18 MP: 2/2
    63 | D:1      | Escaped the Abyss
   245 | D:1      | Reached skill level 1 in Dodging
   289 | D:1      | Gained mutation: You sometimes gain a little power by taking damage. [demonic ancestry]
   289 | D:1      | Reached XP level 2. HP: 19/24 MP: 3/3
   405 | D:1      | Reached * piety under Lugonu
   961 | D:1      | Reached XP level 3. HP: 26/29 MP: 5/5
  1524 | D:2      | Noticed Natasha
  1546 | D:2      | Killed Natasha
  1546 | D:2      | Gained mutation: Your flesh is heat resistant. (rF+) [demonic ancestry]
  1546 | D:2      | Reached XP level 4. HP: 8/37 MP: 6/6
  2283 | D:2      | Found a runed door.
  2287 | D:2      | Noticed Crazy Yiuf
  2642 | D:1      | HP: 1/37 [poisoned by Crazy Yiuf]
  2644 | D:1      | Slain by Crazy Yiuf

Skill      XL: |  1  2 |
---------------+-------+-----
Dodging        | 1 |  1.3
Polearms       | 2 |  2.9
Armour         | 2 |  2.3
Fighting       | |  3.7
Stealth        | |  0.2
Invocations    | |  2.7

Action                   |  1- 3 |  4- 6 || total
-------------------------+-------+-------++-------
Melee: Spear             |   143 |    51 ||   194
 Fire: Hunting sling     |       |     5 ||     5
Invok: Depart the Abyss  |     1 |       ||     1
  Use: Scroll            |     4 |       ||     4
       Potion            |     6 |       ||     6
 Stab: Sleeping          |     2 |       ||     2
  Eat: Bread ration      |     1 |       ||     1
       Chunk             |     1 |       ||     1
Armor: Leather armour    |    28 |       ||    28
       Ring mail         |    10 |     9 ||    19
       Skin              |     1 |       ||     1
Dodge: Dodged            |   101 |    27 ||   128
